 Dungeon Crawl Stone Soup version 0.29.0-7-g18a832c13a (webtiles) character file.

Game seed: 7329263848039427337

18154 Ijustatesigmund the Fighter (level 12, -4/81 HPs)
             Began as a Gargoyle Fighter on Aug 30, 2022.
             Was a Follower of Cheibriados.
             Slain by a boulder beetle (18 damage)
             ... on level 11 of the Dungeon on Aug 31, 2022.
             The game lasted 00:29:02 (15522 turns).

Ijustatesigmund the Fighter (Gargoyle Fighter)     Turns: 15522, Time: 00:29:03

Health: -4/81      AC: 27    Str: 26    XL:     12   Next: 55%
Magic:  16/16      EV: 10    Int: 12    God:    Cheibriados [*.....]
Gold:   806        SH:  6    Dex: 17    Spells: 9/11 levels left

rFire   + . .      SeeInvis .   E - +4 morningstar
rCold   . . .      Faith    .   c - +1 buckler
rNeg    + . .      Spirit   .   b - +0 plate armour
rPois   ∞          Reflect  .   i - +1 helmet
rElec   +          Harm     .   (no cloak)
rCorr   +          Rampage  .   (no gloves)
Will    .....                   s - +1 pair of boots
Stlth   ..........              (no amulet)
HPRegen 0.23/turn               n - ring of resist corrosion
MPRegen 0.15/turn               K - ring "Heaschap" {rElec rF+ Dex+6}

@: mighty, very slow
A: sickness immunity, AC +8, negative energy resistance 1, electricity
resistance, torment resistance 1, petrification resistance
a: Renounce Religion, Bend Time


You were on level 11 of the Dungeon.
You worshipped Cheibriados.
Cheibriados was aware of your devotion.
You visited 2 branches of the dungeon, and saw 12 of its levels.

You collected 806 gold pieces.

Inventory:

Hand Weapons
 a - a +0 flail of flaming
 A - a +2 flail of protection
 E - a +4 morningstar (weapon)
Missiles
 e - 2 throwing nets (quivered)
Armour
 b - a +0 plate armour (worn)
 c - a +1 buckler (worn)
 i - a +1 helmet (worn)
 s - a +1 pair of boots (worn)
Jewellery
 m - a ring of see invisible
 n - a ring of resist corrosion (left hand)
 o - an amulet of magic regeneration
 y - a ring of protection from fire
 B - a ring of positive energy
 C - an amulet of the acrobat
 G - a ring of ice
 K - the ring "Heaschap" (right hand) {rElec rF+ Dex+6}
   (You found it on level 10 of the Dungeon)

   [ring of dexterity]

   Dex:       It affects your dexterity (+6).
   rF:        It protects you from fire.
   rElec:     It insulates you from electricity.
 M - a ring of willpower
Wands
 g - a wand of polymorph (2)
 l - a wand of digging (5)
 F - a wand of charming (7)
 H - a wand of quicksilver (3)
 J - a wand of flame (8)
 L - a wand of mindburst (9)
Scrolls
 t - 4 scrolls of enchant armour
 u - 3 scrolls of amnesia
 v - a scroll of magic mapping
 x - a scroll of immolation
 z - 2 scrolls of silence
 D - a scroll of identify
Potions
 d - 2 potions of might
 f - 2 potions of curing
 h - 6 potions of flight
 k - a potion of brilliance
 p - 2 potions of magic
 q - 2 potions of attraction
 r - 2 potions of mutation
 w - 3 potions of resistance
 I - a potion of degeneration {unknown}
 O - a potion of lignification


   Skills:
 + Level 12.0 Fighting
 + Level 10.8 Maces & Flails
 + Level 8.6 Armour
 - Level 5.9 Dodging
 - Level 3.2 Shields
 - Level 5.1 Translocations
 + Level 6.1 Invocations
 - Level 4.5 Evocations


You had 9 spell levels left.
You knew the following spells:

 Your Spells              Type           Power      Damage    Failure   Level
a - Blink                 Tloc           24%        N/A       63%         2

Your spell library contained the following spells:

 Spells                   Type           Power      Damage    Failure   Level
 Lesser Beckoning         Tloc           12%        N/A       86%         3
 Portal Projectile        Hex/Tloc       12%        N/A       99%         3
 Ensorcelled Hibernation  Hex/Ice        0%         N/A       100%        2
 Passwall                 Tmut/Erth      0%         N/A       100%        2
 Swiftness                Air            0%         N/A       100%        3
 Tukima's Dance           Hex            0%         N/A       100%        3
 Leda's Liquefaction      Hex/Erth       0%         N/A       100%        4
 Blade Hands              Tmut           0%         N/A       100%        5
 Lee's Rapid Deconstruct  Erth           0%         3d5*      100%        5
 Manifold Assault         Tloc           12%        N/A       100%        5
 Statue Form              Tmut/Erth      Unusable   N/A       N/A         6

Dungeon Overview and Level Annotations

Branches:
Dungeon (11/15)            Temple (1/1) D:6            Lair (0/5) D:10
    Orc (0/2) D:10

Altars:
Ashenzari
Cheibriados
Dithmenos
Elyvilon
Gozag
Hepliaklqana
Nemelex Xobeh
Okawaru
Qazlal
Sif Muna
Trog
Uskayaw
Wu Jian
Yredelemnul

Shops:
D:9 :

Annotations:
D:9 2 transporters, ALo's ghost, novice MiBe


Innate Abilities, Weirdness & Mutations

You are immune to sickness and miasma.
Your stone body is resilient. (AC +8)
You are immune to poison.
You resist negative energy. (rN+)
You are resistant to electric shocks. (rElec)
You are resistant to unholy torment.
You are immune to petrification.


Message History

* * * LOW HITPOINT WARNING * * *
Aiming: Charm
Press: ? - help, Shift-Dir - straight line, f - deep elf pyromancer
Aim: a deep elf pyromancer, wielding a staff of air (chance to affect: 43%)
The deep elf pyromancer resists with some effort.
A boulder beetle comes into view.
Aiming: Charm
Press: ? - help, Shift-Dir - straight line, f/p - deep elf pyromancer
Aim: a deep elf pyromancer, wielding a staff of air (chance to affect: 43%)
The deep elf pyromancer is charmed.
Your deep elf pyromancer mumbles some strange words.
Your deep elf pyromancer blinks!
You see here a +0 ring mail.
What are your orders? t - Shout!
Orders for allies: a - Attack new target. p - Attack previous target. r - Retreat! s - Stop attacking. g - Guard the area. f - Follow me.
Anything else - Cancel.
Gang up on whom?
Press: ? - help, Dir - move target, f - boulder beetle, p - deep elf pyromancer
Aim: a boulder beetle Attack!
Aiming: Quicksilver Bolt
Press: ? - help, Shift-Dir - straight line, f/p - boulder beetle
Aim: a boulder beetle (ally target, 100% to hit)
The bolt of dispelling energy hits the boulder beetle!
The boulder beetle is lightly wounded.
Your deep elf pyromancer casts a spell at the boulder beetle.
The bolt of fire hits the boulder beetle!
You impale the boulder beetle!!
The boulder beetle is severely wounded.
The boulder beetle bites you.
* * * LOW HITPOINT WARNING * * *
Your deep elf pyromancer casts a spell.
A dream sheep comes into view.
You hit the boulder beetle.
The boulder beetle is severely wounded.
The boulder beetle bites you!!
You die...

###.....§§≈≈≈..§......§)..#
########......................#
#.........########............#
#..###'###..# ...........#
##..##.##..# #.....C......#
##..##.).##... ......##.g#####
##..##..⌠..##..###'###. #..
.#..##.......#.##[#.#)## ...
.#.##..#####.###@.#.#..##
.'.#..)...)#..#.B.#.#...##
.#.#####..##.e)...#.#....#
.#.).....##...####)..#####..
##..⌠.)##E.#......|.....'.#
##...##..##.####...#####.
##.##.Y# ##!...#.#...[# ###...
##...#†#...## # ##. ##..#.#..##


You could see a boulder beetle (ally target), a dream sheep, a friendly deep elf
pyromancer (charmed) and a friendly fire elemental (summoned).

Vanquished Creatures
  A rakshasa (D:11)
  2 hydras (D:11)
  3 boulder beetles
  A centaur warrior (D:11)
  4 two-headed ogres
  A tengu warrior (D:10)
  An ugly thing (D:10)
  4 cyclopes
  A gargoyle (D:11)
  3 kobold demonologists
  A freezing wraith (D:10)
  A komodo dragon (D:10)
  2 trolls
  A hornet (D:11)
  A shadow (D:10)
  A wraith (D:8)
  2 wyverns
  6 yaks (D:11)
  A golden eye (shapeshifter) (D:10)
  3 water moccasins
  An acid dragon (D:10)
  7 orc warriors
  2 sky beasts
  A black bear (D:6)
  An ice beast (D:8)
  3 wolves (D:11)
  A centaur (D:9)
  2 ogres
  A phantom (D:6)
  2 bullfrogs
  2 kobold brigands
  4 necrophages
  5 scorpions
  A gnoll sergeant (D:10)
  11 wights
  4 howler monkeys
  2 lava snakes (D:11)
  9 orc priests
  2 jellies
  3 iguanas
  12 orc wizards
  4 adders
  7 gnolls (D:4)
  An ufetubus (D:5)
  2 worms
  3 dart slugs
  39 orcs
  3 bats
  15 endoplasms
  2 giant cockroaches
  7 goblins
  12 hobgoblins
  4 jackals (D:3)
  3 quokkas (D:1)
  10 ball pythons
  3 frilled lizards
  17 kobolds
  9 rats
257 creatures vanquished.

Vanquished Creatures (collateral kills)
  A manticore (D:11)
  A cyclops (D:11)
  A wolf (D:11)
3 creatures vanquished.

Vanquished Creatures (others)
  Grum (D:11)
  A gnoll sergeant (D:11)
  9 toadstools (D:4)
11 creatures vanquished.

Grand Total: 271 creatures vanquished

Notes
Turn   | Place    | Note
-------+----------+-------------------------------------------
     0 | D:1      | Ijustatesigmund the Gargoyle Fighter began the quest for
                  | the Orb.
     0 | D:1      | Reached XP level 1. HP: 14/14 MP: 1/1
    45 | D:1      | Reached XP level 2. HP: 18/19 MP: 2/2
   371 | D:1      | Reached XP level 3. HP: 14/24 MP: 3/3
   888 | D:1      | Found a faded altar of an unknown god.
   946 | D:2      | Found a hazy altar of Hepliaklqana.
  1076 | D:2      | Reached skill level 4 in Fighting
  1120 | D:2      | Reached XP level 4. HP: 29/29 MP: 4/4
  2008 | D:3      | Reached XP level 5. HP: 33/34 MP: 5/5
  2789 | D:3      | Reached skill level 5 in Fighting
  2789 | D:3      | Reached XP level 6. HP: 39/40 MP: 6/6
  3159 | D:4      | Reached skill level 5 in Armour
  4237 | D:4      | Reached XP level 7. HP: 24/45 MP: 7/7
  4774 | D:4      | Learned a level 2 spell: Blink
  4838 | D:5      | Entered Level 5 of the Dungeon
  4911 | D:5      | Identified the +3 dagger of the Chain {vamp, rN++ rCorr
                  | Int+2}
  4925 | D:5      | Reached skill level 6 in Fighting
  4931 | D:5      | Reached skill level 5 in Maces & Flails
  5419 | D:5      | Reached XP level 8. HP: 44/52 MP: 8/8
  5868 | D:6      | Found a staircase to the Ecumenical Temple.
  6134 | D:6      | Reached skill level 7 in Fighting
  6302 | D:6      | Identified the +11 long sword "Mill" {drain, Dex+6}
  7007 | D:7      | Reached XP level 9. HP: 59/59 MP: 9/9
  7064 | D:7      | Reached skill level 8 in Fighting
  7983 | D:8      | Reached skill level 1 in Translocations
  8529 | D:8      | Reached skill level 9 in Fighting
  9222 | D:8      | Reached XP level 10. HP: 66/66 MP: 10/10
  9225 | D:9      | Found a stormy altar of Qazlal.
  9743 | D:9      | Found a basalt altar of Yredelemnul.
  9758 | D:9      | Found a broken altar of Ashenzari.
  9783 | D:9      | Noticed a two-headed ogre
  9794 | D:9      | Killed a two-headed ogre
  9795 | D:9      | Reached skill level 10 in Fighting
 10193 | D:9      | Found Relo's Book Shoppe.
 10245 | D:9      | Found a transporter.
 10250 | D:9      | Noticed a two-headed ogre
 10250 | D:9      | Noticed a moth of wrath
 10251 | D:9      | Found a bloodstained altar of Trog.
 10251 | D:9      | Noticed ALo's ghost (novice MiBe)
 10251 | D:9      | Noticed a two-headed ogre
 10252 | D:9      | Noticed a deep troll
 10253 | D:9      | Found a transporter.
 10266 | D:9      | Noticed a two-headed ogre
 11026 | D:9      | Noticed a boulder beetle
 11047 | D:9      | Killed a boulder beetle
 11048 | D:9      | Reached skill level 5 in Translocations
 11456 | D:10     | Entered Level 10 of the Dungeon
 11582 | D:10     | Identified the ring "Heaschap" {rElec rF+ Dex+6}
 11698 | D:10     | Found a staircase to the Orcish Mines.
 11929 | D:10     | Found a staircase to the Lair.
 11983 | D:10     | Noticed a two-headed ogre
 11990 | D:10     | Killed a two-headed ogre
 11991 | D:10     | Reached skill level 1 in Dodging
 12187 | D:10     | Noticed a kobold demonologist
 12201 | D:10     | Killed a kobold demonologist
 12202 | D:10     | Reached skill level 11 in Fighting
 12202 | D:10     | Reached XP level 11. HP: 60/74 MP: 11/11
 12279 | D:10     | Reached skill level 10 in Maces & Flails
 12280 | D:10     | Noticed a sun demon
 12630 | D:10     | Noticed a cyclops
 12630 | D:10     | Noticed a brown ugly thing
 12651 | D:10     | Killed a brown ugly thing
 12654 | D:10     | Noticed a boulder beetle
 12656 | D:10     | Killed a cyclops
 12672 | D:10     | Killed a boulder beetle
 12772 | D:10     | Noticed a tengu warrior
 12991 | D:10     | Killed a tengu warrior
 13352 | Temple   | Entered the Ecumenical Temple
 13372 | Temple   | Became a worshipper of Cheibriados the Contemplative
 13551 | D:11     | Noticed a cyclops
 13560 | D:11     | Killed a cyclops
 13561 | D:11     | Reached skill level 1 in Invocations
 13670 | D:11     | Reached skill level 1 in Evocations
 13737 | D:11     | Noticed a cyclops
 13743 | D:11     | Noticed a sun demon
 13755 | D:11     | Noticed a rakshasa
 13755 | D:11     | Noticed a cyclops
 13755 | D:11     | Noticed a manticore
 13755 | D:11     | Noticed a cyclops
 13757 | D:11     | Noticed a six-headed hydra
 13831 | D:11     | HP: 2/76 [gargoyle/stone arrow (21)]
 13844 | D:11     | Noticed Grum
 14149 | D:11     | Killed a cyclops
 14255 | D:11     | Noticed a two-headed ogre
 14260 | D:11     | Killed a two-headed ogre
 14384 | D:11     | Killed a cyclops
 14388 | D:11     | Your ally Grum died
 14392 | D:11     | Killed a manticore
 14393 | D:11     | Reached skill level 5 in Dodging
 14542 | D:11     | Reached XP level 12. HP: 52/80 MP: 14/14
 14843 | D:11     | Noticed a centaur warrior
 14857 | D:11     | Killed a centaur warrior
 14921 | D:11     | Killed a six-headed hydra
 14922 | D:11     | Reached skill level 5 in Invocations
 15056 | D:11     | Killed a rakshasa
 15383 | D:11     | Reached * piety under Cheibriados
 15412 | D:11     | Noticed a two-headed ogre
 15425 | D:11     | Killed a two-headed ogre
 15476 | D:11     | Noticed a four-headed hydra
 15478 | D:11     | Noticed a boulder beetle
 15484 | D:11     | Killed a boulder beetle
 15487 | D:11     | Killed a four-headed hydra
 15488 | D:11     | Reached skill level 12 in Fighting
 15514 | D:11     | Noticed a boulder beetle
 15522 | D:11     | Slain by a boulder beetle

Illustrated notes

Levels and vault maps discovered:
D:1:      dpeg_arrival_pond, layout_rooms, shapermc_ecumenical_altar_hornbeckon,
          moated_statue, bh_walls_and_bars
D:2:      layout_rooms, basic_altar
D:3:      layout_basic
D:4:      cheibrodos_fertilizer, layout_loops_ring, minmay_crossroads
D:5:      layout_basic
D:6:      layout_loops_ring, minmay_temple_entry_junction
D:7:      layout_gridville
D:8:      layout_rooms
D:9:      layout_grid_maze, mainiacjoe_overflow_catwalk,
          mainiacjoe_overflow_big_doors, gammafunk_ghost_wrathful_warriors,
          serial_shops, nicolae_lakefront_shop
D:10:     minmay_slanted_spiral_squares, layout_loops_corners, lair_entry_dummy,
          david_orc_2
D:11:     minmay_the_grid_octo_triangle [minmay_the_grid_octo_77,
          minmay_the_grid_octo_prize_ultimate_mussel_roller,
          minmay_the_grid_octo_clover], layout_basic, grunt_decor_junction,
          kennysheep_generic_room_8, uniq_grum
Temple:   compressed_dpeg_triangle_lava_temple

Skill      XL: |  1  2  3  4  5  6  7  8  9 10 11 12 |
---------------+-------------------------------------+-----
Fighting       | 4 5 6 7 9 11 12 | 12.0
Armour         | 4 5 6 7 8 |  8.6
Maces & Flails | 3 4 5 6 8 9 10 | 10.8
Translocations | 3 5 |  5.1
Dodging        | 2 5 |  5.9
Invocations    | 3 6 |  6.1
Evocations     | 3 4 |  4.5
Shields        | |  3.2

Action                   |  1- 3 |  4- 6 |  7- 9 | 10-12 || total
-------------------------+-------+-------+-------+-------++-------
Melee: Flail             |   127 |   231 |   297 |       ||   655
       Morningstar       |       |       |    39 |   396 ||   435
Throw: Throwing net      |       |       |       |     1 ||     1
Evoke: Wand              |       |       |       |    18 ||    18
  Use: Scroll            |     6 |     7 |    11 |    12 ||    36
       Potion            |       |     2 |     4 |    18 ||    24
 Stab: Invisible         |       |       |       |     5 ||     5
       Distracted        |       |       |       |     1 ||     1
Armor: Scale mail        |    45 |       |       |       ||    45
       Plate armour      |    61 |   164 |   277 |   320 ||   822
       Skin              |       |       |       |    29 ||    29
Dodge: Dodged            |    45 |    79 |   110 |   164 ||   398
Block: Buckler           |    34 |    53 |    88 |   115 ||   290
